 Dungeon Crawl Stone Soup version 0.30.0-29-ga12c61a403 (webtiles) character file.

Game seed: 14499645772522395754

40342 AgateBread the Grappler (level 13, -3/127 HPs)
             Began as a Troll Fighter on June 23, 2023.
             Was an Elder of Okawaru.
             Slain by an acid blob (27 damage)
             ... on level 1 of the Pits of Slime.
             The game lasted 02:03:27 (19313 turns).

AgateBread the Grappler (Troll Fighter)            Turns: 19313, Time: 02:03:28

Health: -3/127     AC:  3    Str: 33    XL:     13   Next: 74%
Magic:  19/19      EV: 13    Int:  7    God:    Okawaru [****..]
Gold:   628        SH: 13    Dex: 15    Spells: 12/12 levels left

rFire   + .          .
                       - Unarmed
rCold   + . .        Q - +2 kite shield
rNeg    . . .        E - +2 robe "Sahacuar" {rCorr}
rPois   .            U - +1 hat
rElec   .            D - scarf of Xevauh {rC+ rF+, Int-2 Dex+4}
rCorr   +            (gloves unavailable)
SInv    .            (boots unavailable)
Will    +....        v - amulet of faith
Stlth   +            L - +4 ring of protection
HPRegen 1.21/turn    C - ring "Jicemoly" {Will+ Str+4 Int+5}
MPRegen 0.16/turn

%: faith
@: corroded, hasted, very quick
A: large, unfitting armour, claws 3, regeneration 1, shaggy fur 1, tough skin 1
a: Renounce Religion, Heroism, Finesse


You were on level 1 of the Pits of Slime.
You worshipped Okawaru.
Okawaru was greatly pleased with you.
You visited 4 branches of the dungeon, and saw 18 of its levels.
You also visited: Gauntlet.

You collected 938 gold pieces.
You spent 310 gold pieces at shops.

Inventory:

Hand Weapons
 g - the +5 scythe "Finisher" {speed, execute}
   (You found it in a Gauntlet)
 A - a +6 giant spiked club
 K - a +2 dire flail of draining
Missiles
 a - 9 javelins
 e - 3 curare-tipped darts
 O - 4 silver javelins
 V - 4 large rocks
 X - 4 throwing nets
Armour
 c - a +0 troll leather armour
 D - the scarf of Xevauh (worn) {rC+ rF+, Int-2 Dex+4}
   (You acquired it on level 4 of the Lair of Beasts)

   Int:       It affects your intelligence (-2).
   Dex:       It affects your dexterity (+4).
 E - the +2 robe "Sahacuar" (worn) {rCorr}
   (You found it on level 6 of the Dungeon)

   rCorr:     It protects you from acid and corrosion.
 Q - a +2 kite shield (worn)
 U - a +1 hat (worn)
Jewellery
 f - a ring of protection from cold
 h - a +5 ring of evasion
 l - an amulet of reflection
 p - a ring of poison resistance
 v - an amulet of faith (around neck)
 x - a ring of protection from cold
 C - the ring "Jicemoly" (right claw) {Will+ Str+4 Int+5}
   (You found it in a Gauntlet)

   [ring of willpower]

   Str:       It affects your strength (+4).
   Int:       It affects your intelligence (+5).
   Will:      It increases your willpower.
 I - a +6 ring of dexterity
 L - a +4 ring of protection (left claw)
 P - a +6 ring of intelligence
 R - a ring of fire
 Y - the amulet of Wohofyek {Regen+ Int+2}
   (You found it in a Gauntlet)

   [amulet of regeneration]

   Int:       It affects your intelligence (+2).
   Regen:     It increases your rate of health regeneration.
Wands
 y - a wand of flame (29)
 F - a wand of acid (9)
 G - a wand of iceblast (2)
 S - a wand of digging (12)
 T - a wand of polymorph (3)
 W - a wand of mindburst (8)
Scrolls
 b - 5 scrolls of identify
 i - 2 scrolls of teleportation
 k - 2 scrolls of magic mapping
 n - 3 scrolls of poison {unknown}
 q - a scroll of fear {unknown}
 z - 2 scrolls of fog {unknown}
 J - 2 scrolls of enchant armour
 Z - 2 scrolls of vulnerability {unknown}
Potions
 d - a potion of haste
 j - 3 potions of cancellation
 m - 2 potions of flight
 t - 2 potions of invisibility
 u - 3 potions of lignification
 w - a potion of brilliance {unknown}
 B - 6 potions of curing
 H - a potion of might
 M - 2 potions of resistance {unknown}
 N - 2 potions of magic
Miscellaneous
 o - a phial of floods
 r - a lightning rod (4/4)
 s - a tin of tremorstones (2/2)


   Skills:
 - Level 8.0 Fighting
 + Level 3.5 Throwing
 - Level 8.7 Dodging
 - Level 10.0 Shields
 + Level 12.8 Unarmed Combat
 + Level 10.5 Invocations


You had 12 spell levels left.
You didn't know any spells.
Your spell library contained the following spells:

 Spells                   Type           Power      Damage    Failure   Level
 Blink                    Tloc           0%         N/A       71%         2
 Ensorcelled Hibernation  Hex/Ice        0%         N/A       71%         2
 Passwall                 Tmut/Erth      0%         N/A       71%         2
 Static Discharge         Conj/Air       0%         2-2/arc   71%         2
 Spider Form              Tmut/Pois      0%         N/A       91%         3
 Swiftness                Air            0%         N/A       91%         3
 Vhi's Electric Charge    Tloc/Air       0%         N/A       91%         3
 Airstrike                Air            0%         2d(0-16)  100%        4
 Anguish                  Hex/Necr       0%         N/A       100%        4
 Manifold Assault         Tloc           0%         N/A       100%        4
 Arcjolt                  Conj/Air       0%         1d10      100%        5
 Dispersal                Tloc           0%         N/A       100%        6
 Plasma Beam              Fire/Air       0%         2x1d11    100%        6
 Storm Form               Tmut/Air       0%         N/A       100%        7
 Disjunction              Tloc           0%         N/A       100%        8
 Summon Ice Beast         Ice/Summ       Unusable   N/A       N/A         4
 Summon Lightning Spire   Summ/Air       Unusable   N/A       N/A         4
 Summon Mana Viper        Hex/Summ       Unusable   N/A       N/A         5
 Monstrous Menagerie      Summ           Unusable   N/A       N/A         7

Dungeon Overview and Level Annotations

Branches:
Dungeon (11/15)            Temple (1/1) D:4            Lair (5/5) D:10
 Shoals (0/4) Lair:3       Spider (0/4) Lair:2        Slime (1/5) Lair:5
    Orc (0/2) D:10        Gauntlet (visited)

Altars:
Ashenzari
Cheibriados
Dithmenos
Elyvilon
Fedhas
Gozag
Hepliaklqana
Kikubaaqudgha
Makhleb
Nemelex Xobeh
Okawaru
Qazlal
Ru
Sif Muna
Trog
Uskayaw
Vehumet
Wu Jian
Xom
Yredelemnul
Zin
The Shining One
Jiyva

Shops:
D:2 *   D:4 [   D:10 :[(:

Annotations:
D:11 3 runed translucent doors
Lair:4 3 runed translucent doors, Kuas's ghost, journeyman NaCK


Innate Abilities, Weirdness & Mutations

You are too large for most types of armour.
You have claws for hands.
Your natural rate of healing is unusually fast.
You are covered in fur. (AC +1)
You have tough skin. (AC +1)


Message History

Press: ? - help, v - describe, . - travel The floor.
Unknown command.
Unknown command.
An acid blob comes into view.
The acid blob quivers.
The acid blob spits acid at you. You block the splash of acid.
You claw the acid blob!
Your claws burn!
The acid blob is lightly wounded.
The acid blob spits acid at you. The splash of acid hits you! You resist.
You mangle the acid blob!!
Your claws burn!
The acid blob is heavily wounded.
The acid blob hits you! The acid corrodes you!
You are splashed with acid.
You resist.
You scratch the acid blob.
Your claws burn!
The acid blob is heavily wounded.
The acid blob closely misses you.
You scratch the acid blob.
Your claws burn!
The acid blob is heavily wounded.
The acid blob spits acid at you. The splash of acid hits you. You resist.
The acid corrodes you!
You scratch the acid blob.
Your claws burn!
The acid blob is heavily wounded.
The acid blob hits you!!
You are splashed with acid.
You resist.
You scratch the acid blob.
Your claws burn!
The acid blob is heavily wounded.
The acid blob hits you!!
* * * LOW HITPOINT WARNING * * *
You are splashed with acid.
You resist.
* * * LOW HITPOINT WARNING * * *
You mangle the acid blob!!
Your claws burn!
* * * LOW HITPOINT WARNING * * *
The acid blob is almost dead.
The acid blob spits acid at you. The splash of acid hits you! You resist.
* * * LOW HITPOINT WARNING * * *
You feel yourself speed up. The acid blob hits you!!
You die...

##.###. #...#...#
###...... .#..#.....
##........
.........######....##...
..........#.##.#...##...
........................
............#...........
......J....##..#........
.......@................
..#.................#...
#................#....
.......##.#........#....
.......#....>...........
..............##........
...............#........
...........#............
.......................


You could see an acid blob.

Vanquished Creatures
  A dire elephant (Lair:5)
  A minotaur (Gauntlet)
  A blizzard demon (Gauntlet)
  Harold (Lair:2)
  3 hydras
  A catoblepas (Lair:5)
  A boulder beetle (D:9)
  A deep troll shaman (Lair:5)
  2 two-headed ogres
  A death scarab (Gauntlet)
  10 death yaks (Lair:5)
  Nergalle (D:10)
  A manticore (D:8)
  2 elephants (Lair:5)
  3 black mambas (Lair:5)
  6 cane toads
  A kobold demonologist (D:8)
  5 komodo dragons
  An ice devil (Gauntlet)
  5 trolls
  5 polar bears
  11 blink frogs
  A vampire (D:10)
  2 shadows
  A wraith (D:9)
  3 wyverns
  37 yaks
  A spectral komodo dragon (Gauntlet)
  A redback (Lair:2)
  A steam dragon (D:10)
  A large abomination (Gauntlet)
  17 water moccasins
  2 acid dragons (D:11)
  5 orc warriors
  An ice beast (D:7)
  4 black bears
  4 ogres
  10 wolves
  3 centaurs
  5 kobold brigands
  11 bullfrogs
  7 gnoll sergeants
  A scorpion (D:5)
  16 wights (D:9)
  6 small abominations (Gauntlet)
  17 killer bees
  2 electric eels
  5 howler monkeys
  4 hounds
  4 jellies
  7 orc priests
  A gnoll bouda (D:6)
  3 iguanas
  2 sleepcaps
  9 orc wizards
  11 hell rats
  14 gnolls
  6 adders
  A shadow imp (D:6)
  2 white imps (Gauntlet)
  4 worms
  3 dart slugs
  40 orcs
  4 ball pythons
  8 bats
  7 endoplasms
  5 goblins
  4 hobgoblins
  2 jackals (D:2)
  A quokka (D:2)
  4 frilled lizards
  15 kobolds
  2 rats
391 creatures vanquished.

Notes
Turn   | Place    | Note
-------+----------+-------------------------------------------
     0 | D:1      | AgateBread the Troll Fighter began the quest for the Orb.
     0 | D:1      | Reached XP level 1. HP: 22/22 MP: 0/0
   271 | D:1      | Reached XP level 2. HP: 22/29 MP: 1/1
   518 | D:1      | Found a faded altar of an unknown god.
   925 | D:2      | Reached XP level 3. HP: 36/36 MP: 2/2
   992 | D:2      | Reached skill level 3 in Unarmed Combat
  1082 | D:2      | Found Irchittai's Assorted Antiques.
  1100 | D:2      | Reached XP level 4. HP: 44/44 MP: 3/3
  2503 | D:4      | Reached XP level 5. HP: 50/50 MP: 4/4
  2506 | D:4      | Reached skill level 4 in Unarmed Combat
  2849 | D:4      | Found Efesh's Armour Boutique.
  2974 | D:4      | Found a staircase to the Ecumenical Temple.
  2978 | D:4      | Reached XP level 6. HP: 59/59 MP: 5/5
  3031 | Temple   | Entered the Ecumenical Temple
  3637 | D:4      | Found a radiant altar of Vehumet.
  3661 | D:4      | Reached skill level 5 in Shields
  4021 | D:5      | Entered Level 5 of the Dungeon
  4029 | D:5      | Reached skill level 5 in Unarmed Combat
  4074 | D:5      | Reached XP level 7. HP: 49/66 MP: 6/6
  4206 | D:5      | Found a shadowy altar of Dithmenos.
  4499 | D:5      | Reached skill level 6 in Unarmed Combat
  4886 | D:5      | Found a glowing golden altar of the Shining One.
  5060 | D:2      | Bought a scroll of identify for 46 gold pieces
  5060 | D:2      | Bought a scroll of identify for 46 gold pieces
  5060 | D:2      | Bought a cloak for 103 gold pieces
  5253 | D:6      | Reached XP level 8. HP: 61/74 MP: 7/7
  5259 | D:6      | Reached skill level 7 in Unarmed Combat
  5607 | D:6      | Found a hide-covered altar of Uskayaw.
  5629 | D:6      | Identified the +2 robe "Sahacuar" {rCorr}
  6069 | D:7      | Reached skill level 8 in Unarmed Combat
  6701 | D:8      | Noticed a kobold demonologist
  6716 | D:8      | Killed a kobold demonologist
  6717 | D:8      | Reached XP level 9. HP: 80/80 MP: 8/8
  6980 | D:8      | Reached skill level 9 in Unarmed Combat
  7130 | D:8      | Reached skill level 10 in Unarmed Combat
  7142 | D:8      | Found a shimmering altar of Xom.
  7152 | D:8      | Found an opulent altar of Gozag.
  7158 | D:8      | Found an iron altar of Okawaru.
  7161 | D:8      | Found an ornate altar of the Wu Jian Council.
  7171 | D:8      | Became a worshipper of Warmaster Okawaru
  7323 | D:8      | Noticed a manticore
  7331 | D:8      | Killed a manticore
  7332 | D:8      | Reached skill level 10 in Shields
  7425 | D:8      | Reached skill level 1 in Invocations
  7425 | D:8      | Reached XP level 10. HP: 88/88 MP: 9/9
  7669 | D:9      | Reached * piety under Okawaru
  7751 | D:9      | Identified the +1 chain mail of Marbles {rElec rN+ Will+}
  8165 | D:9      | Reached ** piety under Okawaru
  8549 | D:9      | Noticed a two-headed ogre
  8594 | D:9      | Noticed a boulder beetle
  8625 | D:9      | Killed a two-headed ogre
  8625 | D:9      | Reached *** piety under Okawaru
  8626 | D:9      | Reached skill level 11 in Unarmed Combat
  8935 | D:9      | Killed a boulder beetle
  8936 | D:9      | Reached skill level 5 in Fighting
  8936 | D:9      | Reached XP level 11. HP: 102/102 MP: 10/13
  9002 | D:10     | Entered Level 10 of the Dungeon
  9010 | D:9      | Reached **** piety under Okawaru
  9144 | D:10     | Reached skill level 5 in Invocations
  9172 | D:10     | Found Vynorub's Armour Emporium.
  9310 | D:10     | Found a staircase to the Lair.
  9373 | D:10     | Found Koegg's Antique Weapon Boutique.
  9420 | D:10     | Noticed Nergalle
  9431 | D:10     | Killed Nergalle
  9615 | D:10     | Found Myarghei's Book Emporium.
  9738 | D:10     | Found a staircase to the Orcish Mines.
 10450 | D:10     | Reached skill level 12 in Unarmed Combat
 10562 | D:10     | Found an ancient bone altar of Kikubaaqudgha.
 10562 | D:10     | Found a snail-covered altar of Cheibriados.
 10614 | D:10     | Found Kirphi Nufos's Book Boutique.
 10808 | D:11     | Found a runed translucent gate.
 10808 | D:11     | Found a runed translucent gate.
 10809 | D:11     | Found a runed translucent gate.
 10809 | D:11     | Noticed a glowing orange brain
 10810 | D:11     | Noticed a cyan ugly thing
 10811 | D:11     | Noticed a white ugly thing
 10811 | D:11     | Noticed a brown ugly thing
 10812 | D:11     | Noticed a purple ugly thing
 10812 | D:11     | Noticed a brown ugly thing
 10813 | D:11     | a dream sheep changed into a glowing orange brain
 10813 | D:11     | Noticed a glowing orange brain (glowing shapeshifter)
 10814 | D:11     | a glowing orange brain changed into an eye of devastation
 10814 | D:11     | Noticed a white ugly thing
 10865 | D:11     | Noticed a two-headed ogre
 10894 | D:11     | Reached ***** piety under Okawaru
 10902 | D:11     | Killed a two-headed ogre
 11162 | D:11     | Noticed a skeletal warrior
 11163 | D:11     | Noticed a skeletal warrior
 11163 | D:11     | Noticed a skeletal warrior
 11166 | D:11     | Noticed a skeletal warrior
 11660 | D:2      | Bought a tourmaline ring for 115 gold pieces
 11804 | Lair:1   | Entered Level 1 of the Lair of Beasts
 13384 | Lair:2   | Noticed a four-headed hydra
 13394 | Lair:2   | Killed a nine-headed hydra
 13394 | Lair:2   | Received a gift from Okawaru
 13395 | Lair:2   | Reached XP level 12. HP: 100/118 MP: 8/16
 13432 | Lair:2   | Found a hole to the Spider Nest.
 13730 | Lair:2   | Noticed Harold
 13744 | Lair:2   | Killed Harold
 14069 | Lair:3   | Found a shimmering altar of Xom.
 14198 | Lair:3   | Found a staircase to the Shoals.
 14219 | Lair:3   | Found a gate leading to a gauntlet.
 14263 | Gauntlet | Entered a Gauntlet
 14263 | Gauntlet | Found a transporter.
 14263 | Gauntlet | Found a transporter.
 14267 | Gauntlet | Found a transporter.
 14267 | Gauntlet | Found a transporter.
 14271 | Gauntlet | Found a transporter.
 14271 | Gauntlet | Found a transporter.
 14312 | Gauntlet | Found a transporter.
 14315 | Gauntlet | Found a transporter.
 14320 | Gauntlet | Noticed a blizzard demon
 14321 | Gauntlet | Found the +7 great mace "Firestarter" {flame, immolate,
                  | rFlCloud rF++}
 14329 | Gauntlet | Found a transporter.
 14346 | Gauntlet | Found a transporter.
 14361 | Gauntlet | Found a transporter.
 14365 | Gauntlet | Found a transporter.
 14366 | Gauntlet | Noticed a death scarab
 14367 | Gauntlet | Found a runed translucent gate.
 14367 | Gauntlet | Found a runed translucent gate.
 14367 | Gauntlet | Found a runed translucent gate.
 14604 | Gauntlet | Killed a death scarab
 14613 | Gauntlet | Identified the amulet of Wohofyek {Regen+ Int+2}
 14688 | Gauntlet | Killed a blizzard demon
 14692 | Gauntlet | Identified the ring "Jicemoly" {Will+ Str+4 Int+5}
 14786 | Gauntlet | Noticed a minotaur
 14793 | Gauntlet | Killed a minotaur
 14794 | Gauntlet | Reached skill level 5 in Dodging
 14797 | Gauntlet | Found the +5 scythe "Finisher" {speed, execute}
 16393 | Lair:4   | Found a runed translucent gate.
 16393 | Lair:4   | Found a runed translucent gate.
 16393 | Lair:4   | Found a runed translucent gate.
 16394 | Lair:4   | Noticed an azure jelly
 16395 | Lair:4   | Noticed an azure jelly
 16395 | Lair:4   | Noticed an acid blob
 16395 | Lair:4   | Noticed an acid blob
 16396 | Lair:4   | Found a viscous altar of Jiyva.
 16396 | Lair:4   | Noticed an azure jelly
 16396 | Lair:4   | Noticed an azure jelly
 16396 | Lair:4   | Noticed an azure jelly
 16396 | Lair:4   | Noticed an acid blob
 16396 | Lair:4   | Noticed Kuas's ghost (journeyman NaCK)
 16396 | Lair:4   | Noticed a great orb of eyes
 16396 | Lair:4   | Noticed a quicksilver ooze
 16563 | Lair:4   | Identified a scroll of acquirement
 16563 | Lair:4   | Acquired the scarf of Xevauh {rC+ rF+, Int-2 Dex+4}
 17323 | Lair:5   | Entered Level 5 of the Lair of Beasts
 17323 | Lair:5   | Found a staircase to the Slime Pits.
 17323 | Lair:5   | Found a viscous altar of Jiyva.
 17462 | Lair:5   | Reached XP level 13. HP: 113/127 MP: 17/19
 17854 | Lair:5   | Received a gift from Okawaru
 17857 | Lair:5   | Reached skill level 10 in Invocations
 18042 | Lair:5   | Noticed a dire elephant
 18527 | Lair:5   | Received a gift from Okawaru
 18528 | Lair:5   | Reached skill level 1 in Throwing
 18732 | Arena    | Entered the Arena
 19064 | Lair:5   | Killed a dire elephant
 19251 | Slime:1  | Entered Level 1 of the Pits of Slime
 19302 | Slime:1  | Noticed an acid blob
 19313 | Slime:1  | Slain by an acid blob

Illustrated notes

Levels and vault maps discovered:
D:1:      spicycebolla_arrival_clurvy, layout_basic,
          hellmonk_ecumenical_altar_arch_garden, minmay_misc_feat_rugged
D:2:      layout_basic, serial_shops, nicolae_shop_crystal
D:3:      layout_loops_cross, st_stairs_10, grunt_ministairs_15, minmay_cut_off
D:4:      layout_rooms, vehumet_altar_wand_db, minmay_temple_entry_grid,
          serial_shops, nicolae_shop_tiny_waterfront,
          hangedman_abyss_or_decor_slice, hangedman_decor_clover_reticule,
          kennysheep_boxes
D:5:      layout_basic, mainiacjoe_overflow_tiny_flanked, kennysheep_mini
D:6:      layout_basic, nicolae_uskayaw_dance_studio
D:7:      layout_basic
D:8:      layout_loops_ring, minitemple
D:9:      layout_gridville, grunt_ministairs_7, grunt_decor_cap
D:10:     layout_stronghold, gammafunk_temple_overflow_statue, lair_entry_dummy,
          kennysheep_orc_monster_closet_entryway, serial_shops, shop,
          nicolae_take_the_stairs, nicolae_shop_advertising_works
          [nicolae_subvault_shop_adworks], nicolae_shop_just_a_little_nook,
          uniq_nergalle
D:11:     layout_basic, ploomutoo_gammafunk_ghost_potion_laboratory
Temple:   nicolae_temple_bog_church
Lair:1:   layout_layer_cave, serial_bayou_shore_b
Lair:2:   layout_gridlike, spider_nest_entry_webs, uniq_harold
Lair:3:   layout_layer_cave, elwin_shoals_entry_rocks, basic_altar,
          gauntlet_entry_generic, infiniplex_staircase_pool
Lair:4:   layout_regular_city, gammafunk_ghost_ooze
Lair:5:   grunt_lair_end_beastmaster, layout_hall_layers, slime_entry_1,
          serial_rivers, chequers_serial_rivers_micro_b,
          chequers_serial_rivers_micro_e, chequers_serial_rivers_small_a,
          chequers_serial_rivers_micro_e, nicolae_quartered_pool_medium
Slime:1:  nicolae_slime_jelly_donut, layout_caves

Skill      XL: |  1  2  3  4  5  6  7  8  9 10 11 12 13 |
---------------+----------------------------------------+-----
Shields        | 3 4 5 6 8 10 | 10.0
Unarmed Combat | 3 4 5 6 8 10 11 12 | 12.8
Invocations    | 1 4 7 9 10 | 10.5
Fighting       | 5 7 8 |  8.0
Dodging        | 3 6 8 |  8.7
Throwing       | 3 |  3.5

Action                     |  1- 3 |  4- 6 |  7- 9 | 10-12 | 13-15 || total
---------------------------+-------+-------+-------+-------+-------++-------
  Melee: Unarmed           |    96 |   116 |   292 |   672 |   264 ||  1440
  Throw: Dart              |       |     3 |     5 |     3 |       ||    11
         Large rock        |       |       |       |     3 |       ||     3
         Javelin           |       |       |       |       |     2 ||     2
         Throwing net      |       |       |       |       |     1 ||     1
 Invoke: Heroism           |       |       |       |    19 |     6 ||    25
         Finesse           |       |       |       |     4 |     3 ||     7
         Duel              |       |       |       |       |     1 ||     1
  Evoke: Wand              |       |       |       |    23 |     2 ||    25
    Use: Scroll            |       |     2 |     6 |    21 |     2 ||    31
         Potion            |       |       |     4 |     6 |     3 ||    13
   Stab: Sleeping          |     1 |     1 |       |       |       ||     2
         Petrified         |       |       |       |       |     5 ||     5
         Petrifying        |       |       |       |       |     2 ||     2
 Armour: Robe              |    35 |    14 |    41 |   110 |    51 ||   251
  Dodge: Dodged            |    48 |    53 |   140 |   381 |   101 ||   723
  Block: Kite shield       |    35 |    55 |   138 |   415 |   165 ||   808
